 Dungeon Crawl Stone Soup version 0.26-a0-753-g4680b4fa2e (webtiles) character file.

Game seed: 2019764301712530189

66 2tc the Poker (level 3, 0/27 HPs)
             Began as a Demonspawn Gladiator on Nov 7, 2020.
             Slain by a kobold (2 damage)
             ... on level 2 of the Dungeon.
             The game lasted 00:03:43 (1259 turns).

2tc the Poker (Demonspawn Gladiator)                Turns: 1259, Time: 00:03:44

Health: 0/27       AC:  5    Str: 14    XL:     3   Next: 96%
Magic:  3/3        EV: 12    Int: 10    God:
Gold:   99         SH:  0    Dex: 14    Spells: 2/2 levels left

rFire    . . .     SeeInvis .   a - +1 trident
rCold    . . .     Faith    .   (no shield)
rNeg     . . .     Spirit   .   b - +0 leather armour
rPois    .         Reflect  .   (helmet restricted)
rElec    .         Harm     .   (no cloak)
rCorr    .         Rampage  .   f - +1 pair of gloves
MR       .....                  (no boots)
Stlth    +.........             (no amulet)
HPRegen  0.09/turn              (no ring)
MPRegen  0.08/turn              (no ring)

@: no status effects
A: antennae 2
a: no special abilities


You were on level 2 of the Dungeon.
You visited 1 branch of the dungeon, and saw 2 of its levels.

You collected 99 gold pieces.

Inventory:

Hand Weapons
 a - a +1 trident (weapon)
Missiles
 d - 3 throwing nets (quivered)
Armour
 b - a +0 leather armour (worn)
 f - a +1 pair of gloves (worn)
 h - a +0 ring mail
Potions
 c - a potion of magic
 e - a potion of flight
 g - a potion of curing
 i - a potion of brilliance {unknown}


   Skills:
 - Level 2.0 Fighting
 * Level 4.4 Polearms
 - Level 1.7 Throwing
 - Level 2.6 Dodging


You had 2 spell levels left.
You didn't know any spells.
Your spell library was empty.

Dungeon Overview and Level Annotations

Branches:
Dungeon (2/15)

Altars:
Makhleb

Annotations:
D:2 Terence


Innate Abilities, Weirdness & Mutations

You have a pair of antennae on your head.


Message History

The kobold misses you.
You hit Terence.
Terence is severely wounded.
Terence hits you but does no damage. The kobold hits you but does no damage.
You hit Terence.
Terence is severely wounded.
Terence hits you with a +0 mace.
* * * LOW HITPOINT WARNING * * *
The kobold hits you but does no damage.
Unknown command.
You hit Terence but do no damage.
Terence is severely wounded.
Terence barely misses you. The kobold hits you.
* * * LOW HITPOINT WARNING * * *
You barely miss Terence.
Terence is severely wounded.
Terence hits you with a +0 mace.
* * * LOW HITPOINT WARNING * * *
The kobold hits you.
You die...

#.# #.# ###.# ...# #########
##.####.######........
#................†##########
.#).##.######.#...........#
#.# #.@#.########.#
...####.# #.#@###### #.#
........# #...K...... #.#
.######## ########### #.#
#.# #.# #(# #.# {#.# {#.#


You could see Terence and a kobold.

Vanquished Creatures
  Natasha (D:2)
  2 adders (D:2)
  A leopard gecko (D:1)
  3 bats (D:1)
  4 goblins
  3 frilled lizards
  5 kobolds
  5 rats
24 creatures vanquished.

Notes
Turn   | Place    | Note
-------+----------+-------------------------------------------
     0 | D:1      | 2tc the Demonspawn Gladiator began the quest for the Orb.
     0 | D:1      | Reached XP level 1. HP: 16/16 MP: 1/1
   138 | D:1      | Reached skill level 3 in Polearms
   317 | D:1      | Gained mutation: You have a pair of small antennae on your
                  | head. [demonic ancestry]
   317 | D:1      | Reached XP level 2. HP: 22/22 MP: 2/2
   848 | D:2      | Gained mutation: You have a pair of antennae on your head.
                  | [demonic ancestry]
   848 | D:2      | Reached XP level 3. HP: 10/27 MP: 3/3
  1055 | D:2      | Noticed Natasha
  1065 | D:2      | Killed Natasha
  1065 | D:2      | Reached skill level 4 in Polearms
  1145 | D:2      | Found a burning altar of Makhleb.
  1231 | D:2      | Noticed Terence
  1259 | D:2      | Slain by a kobold

Illustrated notes

Levels and vault maps discovered:
D:1:      minmay_arrival_jagged, layout_basic, minmay_pentomino_r4
D:2:      layout_loops_ring, nicolae_overflow_hidden_temple, uniq_terence,
          uniq_jessica, uniq_natasha

Skill      XL: |  1  2  3 |
---------------+----------+-----
Polearms       | 3 4 |  4.4
Fighting       | |  2.0
Throwing       | |  1.7
Dodging        | |  2.6

Action                   || total
-------------------------++-------
Melee: Trident           ||    84
  Use: Scroll            ||     7
       Potion            ||     2
 Stab: Distracted        ||     1
       Sleeping          ||     1
Armor: Leather armour    ||    23
Dodge: Dodged            ||    35

Table legend: (Time is in decaauts)
 A = Elapsed time spent in this place.
 B = Non-inter-level travel time spent in this place.
 C = Inter-level travel time spent in this place.
 D = Time resting spent in this place.
 E = Time spent auto-exploring this place.
 F = Levels seen in this place.
 G = Mean time per level.
                   A        B        C        D        E       F      G
               +--------+--------+--------+--------+--------+-----+--------+
         Total |   1268 |   1225 |     43 |    297 |    707 |   2 |  634.0 |
       Dungeon |   1268 |   1225 |     43 |    297 |    707 |   2 |  634.0 |
               +--------+--------+--------+--------+--------+-----+--------+

Top non-repeatable levels by time:
     D:1: 721 daAuts
     D:2: 547 daAuts
